 Dungeon Crawl Stone Soup version 0.28-a0-595-g9f6c0e134a (webtiles) character file.

Game seed: 3816223469804512670

67 SkeletonJelly the Sneak (level 4, -1/26 HPs)
             Began as a Tengu Brigand on Oct 5, 2021.
             Slain by a goblin (4 damage)
             ... led by Robin
             ... on level 2 of the Dungeon.
             The game lasted 00:02:18 (1687 turns).

SkeletonJelly the Sneak (Tengu Brigand)             Turns: 1687, Time: 00:02:18

Health: -1/26      AC:  3    Str: 11    XL:     4   Next: 16%
Magic:  5/5        EV: 12    Int: 11    God:
Gold:   56         SH:  0    Dex: 17    Spells: 3/3 levels left

rFire   . . .      SeeInvis .   a - +2 dagger
rCold   . . .      Faith    .   (no shield)
rNeg    . . .      Spirit   .   b - +0 robe
rPois   .          Reflect  .   (helmet restricted)
rElec   .          Harm     .   c - +0 cloak
rCorr   .          Rampage  .   (no gloves)
Will    .....                   (boots unavailable)
Stlth   +++.......              (no amulet)
HPRegen 0.08/turn               (no ring)
MPRegen 0.09/turn               (no ring)

@: no status effects
A: beak, talons 3
a: no special abilities


You were on level 2 of the Dungeon.
You visited 1 branch of the dungeon, and saw 2 of its levels.

You collected 56 gold pieces.

Inventory:

Hand Weapons
 a - a +2 dagger (weapon)
Missiles
 d - 25 poisoned darts (quivered)
 e - 2 curare-tipped darts
Armour
 b - a +0 robe (worn)
 c - a +0 cloak (worn)
 j - a +0 pair of gloves
Scrolls
 f - a scroll of enchant weapon {unknown}
 h - a scroll of teleportation {unknown}
 i - 2 scrolls of noise {unknown}
 k - a scroll of immolation {unknown}
Potions
 g - a potion of might {unknown}


   Skills:
 - Level 2.0 Fighting
 * Level 4.1 Short Blades
 - Level 2.0 Throwing
 - Level 1.1 Dodging
 + Level 4.6 Stealth


You had 3 spell levels left.
You didn't know any spells.
Your spell library was empty.

Dungeon Overview and Level Annotations

Branches:
Dungeon (2/15)

Altars:

Annotations:
D:2 Robin


Innate Abilities, Weirdness & Mutations

You have a beak for a mouth.
You have claws for feet.


Message History

No target in view!
No target in view!
No target in view!
No target in view!
No target in view!
No target in view!
No target in view!
No target in view!
No target in view!
No target in view!
No target in view!
No target in view!
No target in view!
No target in view!
No target in view!
No target in view!
No target in view!
No target in view!
No target in view!
No target in view!
No target in view!
No target in view!
No target in view!
No target in view!
Key pressed, stopping explore.
A goblin comes into view. It is wielding a +0 dagger.
Health restored: 26 A goblin is nearby!
A goblin is nearby!
A goblin is nearby!
The helpless goblin fails to defend itself.
You impale the goblin!!
You kill the goblin!
No target in view!
No target in view!
No target in view!
No target in view!
No target in view!
No target in view!
No target in view!
No target in view!
No target in view!
No target in view!
No target in view!
No target in view!
No target in view!
No target in view!
No target in view!
No target in view!
No target in view!
No target in view!
No target in view!
No target in view!
Key pressed, stopping explore.
You see here 21 arrows.
A hobgoblin comes into view.
A hobgoblin is nearby!
A hobgoblin is nearby! 2 goblins come into view. 3 goblins come into view.
The goblin shouts!
The hobgoblin shouts!
The goblin shouts! x2
You hear a shout! x3
A goblin comes into view. It is wielding a +0 club. x2
A goblin comes into view. It is wielding a +0 dagger.
Robin of the Strong Arm comes into view.
They are wielding a +0 dagger of draining.
A goblin comes into view. It is wielding a +0 club.
The goblin shouts!
A goblin comes into view. It is wielding a +0 dagger.
The goblin shouts!
The goblin shouts! x2
The hobgoblin barely misses you.
You closely miss the hobgoblin.
You peck the hobgoblin, but do no damage.
The hobgoblin hits you.
Robin says, "A pitiful Tengu like you will never find the ORB!"
Robin drinks a potion.
Robin seems to speed up.
You hit the hobgoblin.
You kill the hobgoblin!
Robin roars a battlecry!
The goblins go into a battle-frenzy!
The goblin hits you with a +0 dagger. The goblin hits you with a +0 club.
You take 7 damage, and have 19/26 hp.
MASSIVE DAMAGE!!
You hit the goblin.
You kill the goblin!
The goblin barely misses you. The goblin hits you with a +0 club.
You take 3 damage, and have 16/26 hp.
You closely miss the goblin. You claw the goblin, but do no damage.
The goblin misses you. The goblin hits you but does no damage.
The goblin barely misses you. The goblin misses you.
You hit the goblin.
You kill the goblin!
The goblin hits you but does no damage. x2; The goblin barely misses you. x3
You hit the goblin.
The goblin is severely wounded.
Robin throws the goblin at you! The goblin hits you with a +0 club.
* * * LOW HITPOINT WARNING * * *
The goblin hits you with a +0 club.
* * * LOW HITPOINT WARNING * * *
The goblin hits you with a +0 club.
You die...

.#...........# # #.
#............##
####.##.#...........#
#...................#
#...................###
#.....................##
......g.......†.........
#.....)gg...............
#....gg@..........#.####
#....gggg........(..#
######.........######
#.........# ##.......##
#.........# #.........#
#.........# #.........#


You could see Robin (fast) and 8 goblins.

Vanquished Creatures
  2 adders (D:2)
  2 worms (D:2)
  2 dart slugs (D:1)
  3 bats
  2 endoplasms (D:1)
  8 goblins
  4 hobgoblins
  2 jackals (D:2)
  6 ball pythons
  A frilled lizard (D:2)
  4 kobolds
  3 rats
39 creatures vanquished.

Vanquished Creatures (others)
  A demonic plant (D:1)
1 creature vanquished.

Grand Total: 40 creatures vanquished

Notes
Turn   | Place    | Note
-------+----------+-------------------------------------------
     0 | D:1      | SkeletonJelly the Tengu Brigand began the quest for the
                  | Orb.
     0 | D:1      | Reached XP level 1. HP: 12/12 MP: 2/2
   131 | D:1      | Reached XP level 2. HP: 17/17 MP: 3/3
   432 | D:1      | Found a faded altar of an unknown god.
   616 | D:1      | Reached XP level 3. HP: 21/21 MP: 4/4
  1542 | D:2      | Reached XP level 4. HP: 26/26 MP: 5/5
  1679 | D:2      | Noticed Robin
  1687 | D:2      | Slain by a goblin

Illustrated notes

Levels and vault maps discovered:
D:1:      lightli_arrival_lavapool, layout_basic, shapermc_ecumenical_altar_gd
D:2:      layout_rooms, hangedman_decor_riveting, uniq_robin, uniq_terence

Skill      XL: |  1  2  3  4 |
---------------+-------------+-----
Short Blades   | 3 4 |  4.1
Fighting       | |  2.0
Throwing       | |  2.0
Dodging        | |  1.1
Stealth        | |  4.6

Action                   |  1- 3 |  4- 6 || total
-------------------------+-------+-------++-------
Melee: Dagger            |    67 |    14 ||    81
       Kick              |    20 |     4 ||    24
       Peck              |    10 |     1 ||    11
Throw: Dart              |     2 |       ||     2
 Stab: Sleeping          |     9 |     1 ||    10
Armor: Robe              |     8 |     6 ||    14
Dodge: Dodged            |    17 |    11 ||    28

Table legend: (Time is in decaauts)
 A = Elapsed time spent in this place.
 B = Non-inter-level travel time spent in this place.
 C = Inter-level travel time spent in this place.
 D = Time resting spent in this place.
 E = Time spent auto-exploring this place.
 F = Levels seen in this place.
 G = Mean time per level.
                   A        B        C        D        E       F      G
               +--------+--------+--------+--------+--------+-----+--------+
         Total |   1675 |   1619 |     56 |      0 |   1368 |   2 |  837.5 |
       Dungeon |   1675 |   1619 |     56 |      0 |   1368 |   2 |  837.5 |
               +--------+--------+--------+--------+--------+-----+--------+

Top non-repeatable levels by time:
     D:1: 1146 daAuts
     D:2: 528 daAuts
